[Event "Croatian Championship 2022"]
[Site "Split"]
[Date "2022.12.09"]
[Round "11.6"]
[White "Zelcic, Robert"]
[Black "Bukal, Vladimir Jr."]
[Result "1-0"]
[ECO "B42"]
[WhiteElo "2496"]
[BlackElo "2411"]
[Annotator "TA"]
[PlyCount "71"]
[EventDate "2022.11.29"]
[EventType "tourn"]
[EventCountry "CRO"]
[SourceTitle "playchess.com"]
[Source "ChessBase"]
[SourceQuality "1"]
[TimeControl "40/5400+30:1800+30"]

1. e4 c5 2. Nf3 a6 3. Nc3 e6 4. d4 cxd4 5. Nxd4 d6 6. Bd3 Nf6 7. O-O Nbd7 8. Qe2 {[%emt 0:01:10] B42: Sicilian: Kan Variation: 5 Bd3.} Be7 9. a4 {[%emt 0:00:08][%cal Ba2a4,Ba4a5][%mdl 32] [#]} Ne5 $146 ({Predecessor:} 9... O-O 10. Kh1 Ne5 11. f4 Nxd3 12. cxd3 e5 13. Nf3 Bg4 14. h3 Nh5 15. Qf2 Bxf3 16. Qxf3 Nxf4 17. Bxf4 exf4 18. Qxf4 {½-½ (27) Bajorski,L (1960)-Ries,F (1952) Schwaebisch Gmuend 2018}) 10. f4 {[%emt 0:21:17] White has an edge.} (10. a5 {simplifies} O-O 11. f4 Nxd3 12. cxd3 Bd7 13. Be3) 10... Qb6 11. a5 Qa7 (11... Qxd4+ 12. Be3 Qb4 13. Ra4 (13. fxe5 dxe5 14. Na4 Bd7 $11) 13... Qxb2 14. Nd1 Nxd3 15. Nxb2 Nxb2 16. Ra2 $16) 12. Kh1 (12. Be3 $5 Neg4 13. Nxe6 $1 Nxe3 14. Nc7+ Kf8 15. Nxa8 $14) 12... Nxd3 (12... Qxd4 13. Be3 (13. fxe5 Qxe5 14. g4 Nd7 $15) 13... Qb4 14. Ra4 (14. fxe5 dxe5 15. Bd2 Qd6 $11) 14... Qxb2 15. Nd1 Nxd3 16. Nxb2 Nxb2 17. Rb4 $16) 13. Qxd3 Qc5 14. Bd2 b5 {[%emt 0:04:34] Against Na4} 15. axb6 Qxb6 16. Be3 (16. e5 $16 dxe5 17. fxe5) 16... Qb7 $1 $11 17. e5 dxe5 18. fxe5 Nd7 {[%emt 0:08:37] [#]} ({Black should try} 18... Nd5 $1 $14) 19. Bf4 {[%emt 0:00:40] White is much more active. The black rooks are badly placed.} ({White has to play} 19. Rxf7 $1 $16 Nxe5 20. Rxe7+ $1 Kxe7 21. Qe2) 19... O-O 20. Qg3 {[%emt 0:03:51] aiming for Bh6.} Kh8 21. Rae1 (21. Rad1 $5 ) 21... Qb6 {[%emt 0:08:02] [#]} (21... Nc5 $11) 22. Nf3 ({White should play} 22. Nd5 $1 $14 exd5 23. Nf5) 22... Qxb2 23. Ne4 (23. Bg5 $11 {might be stronger.} f6 24. exf6 gxf6 25. Bd2 (25. Rxe6 fxg5 26. Rxe7 Qxc3 $11) (25. Bh6 Rg8 $15)) 23... Qxc2 $15 24. Rf2 (24. Bg5 $1 $15 f6 25. exf6 Nxf6 26. Bxf6 Bxf6 27. Nfg5) 24... Qb3 {[%emt 0:02:53] White must now prevent ...Nc5.} 25. Bg5 Bxg5 (25... f6 $17 26. exf6 Nxf6 27. Nxf6 Bxf6) 26. Nexg5 $11 {[%emt 0:01:00] Pair of Knights!} Qb4 $2 {[%emt 0:03:35][%mdl 8192] [#] This move loses the game for Black.} (26... Rb8 $1 $11 27. Qh4 Qd3) 27. Nxh7 $1 $18 {[%emt 0:03:39][%mdl 576] Decoy} Kxh7 28. Ng5+ $1 {[%emt 0:00:12][%mdl 64] Discovered Attack} Kg8 {[%emt 0:05:11] [#]} 29. Rf4 $1 Qd2 {[%emt 0:04:29] ...Bb7 is the strong threat.} 30. Qh4 Qd3 {[%emt 0:10:36] Prevents Qh7+.} (30... Qxe1+ $142 31. Qxe1 Rb8) 31. Rfe4 Rd8 {[%emt 0:00:47] [#]} (31... Re8 $142 32. Qh5 Nxe5) 32. Qh7+ $1 $40 {[%emt 0:04:13][%mdl 128] White goes for the king.} Kf8 {[%emt 0:00:01] [#]} 33. Nxf7 $1 Bb7 (33... Qxe4 34. Qxe4) 34. Ng5 {[%emt 0:00:29] White mates.} ({Inferior is} 34. Nxd8 Bxe4 35. Qh8+ (35. Qxe4 $2 {perishes.} Qxe4 36. Rxe4 Rxd8 $19) 35... Ke7 36. Qh4+ Ke8 37. Nxe6 (37. Qxe4 $2 {is the wrong capture.} Qxe4 38. Rxe4 Rxd8 $19) 37... Bxg2+ 38. Kxg2 Qd5+ 39. Qe4 Qxe4+ 40. Rxe4 Ke7 $11) 34... Nxe5 35. Qh8+ {[%emt 0:00:19][%mdl 64] Deflection} Ke7 36. Qxg7+ {[%emt 0:00:05] Weighted Error Value: White=0.18 (very precise) /Black=0.47} 1-0